 Dungeon Crawl Stone Soup version 0.17-a0-1150-g17b0b87 (webtiles) character file.

56 Jine the Skirmisher (level 3, -1/30 HPs)
             Began as a Demonspawn Abyssal Knight on May 27, 2015.
             Was a Believer of Lugonu.
             Slain by a jackal (3 damage)
             ... on level 2 of the Dungeon.
             The game lasted 00:03:30 (1590 turns).

Jine the Skirmisher (Demonspawn Abyssal Knight)     Turns: 1590, Time: 00:03:30

Health: -1/30      AC:  3    Str: 13    XL:     3   Next: 71%
Magic:  4/4        EV:  6    Int: 13    God:    Lugonu [**....]
Gold:   45         SH:  0    Dex: 12    Spells: 0 memorised, 2 levels left

rFire  + . .     SeeInvis .     a - +1 falchion
rCold  . . .     Clarity  .     b - +0 leather armour
rNeg   . . .     SustAt   .     (no shield)
rPois  .         Gourm    .     (no helmet)
rElec  .         Spirit   .     (no cloak)
rCorr  .         Warding  .     (no gloves)
rMut   .         Stasis   .     (no boots)
MR     +....                    (no amulet)
Stlth  +.........               (no ring)
                                d - ring of protection from magic

@: somewhat resistant to hostile enchantments, very unstealthy
A: fire resistance 1, powered by pain 1
a: Depart the Abyss, Bend Space, Renounce Religion


You were on level 2 of the Dungeon.
You worshipped Lugonu.
Lugonu was pleased with you.
You were full.

You visited 1 branch of the dungeon, and saw 2 of its levels.
You visited the Abyss 1 time.

You collected 45 gold pieces.

Inventory:

Hand weapons
 a - a +1 falchion (weapon)
Armour
 b - a +0 leather armour (worn)
Jewellery
 d - a ring of protection from magic (left hand)
Scrolls
 e - 2 scrolls of fog {unknown}
 h - 2 scrolls of identify {unknown}
 i - a scroll of noise {unknown}
Potions
 g - a potion of invisibility {unknown}
Comestibles
 c - a bread ration


   Skills:
 + Level 3.8 Fighting
 * Level 2.5 Long Blades
 + Level 2.0 Armour
 + Level 1.3 Dodging
 + Level 2.5 Invocations


You had 2 spell levels left.
You didn't know any spells.

Dungeon Overview and Level Annotations

Branches:
Dungeon (2/15)

Altars:
Dithmenos


Innate Abilities, Weirdness & Mutations

Your flesh is heat resistant.
You sometimes gain a little power by taking damage.


Message History

You closely miss the jackal. The adder bites you.
* * * LOW HITPOINT WARNING * * *
The jackal closely misses you. The adder bites you but does no damage.
The jackal closely misses you. The jackal bites you.
* * * LOW HITPOINT WARNING * * *
The jackal closely misses you. The jackal barely misses you.
A jackal comes into view.
The adder barely misses you. The adder barely misses you.
The jackal barely misses you. The jackal bites you.
* * * LOW HITPOINT WARNING * * *
The jackal bites you but does no damage.
The adder bites you but does no damage.
The jackal barks!
The rat bites you.
* * * LOW HITPOINT WARNING * * *
There is a stone staircase leading up here.
The jackal bites you.
You die...

.P#.# #.####.#.#.#.............
P♣♣.# ##...##.#.........##.##...
♣P..####..............>..##.# ...
♣P.......##...S........#...(##...
♣.♣......#####.##..#.###.##.##...
.♣.......#####S##..#.............
.♣#...........h##..#.#.#.†#.##...
♣##............h.................
P##.##.........h@....#....#.#...#
P#..##.#..####........)..........
.P####.#.........................
P♣####.#.........!..........#....
..♣............##....###.........
♣♣..##.##.#.#####..#.# ...#......
♣.♣(#####..... ....... ..........
♣...........#####..#.## ..#.###
♣♣#.#####.### ..... ....


You could see an adder and 3 jackals.

Vanquished Creatures
  2 river rats (D:2)
  An ooze (D:2)
  A giant gecko (D:2)
  3 giant cockroaches
  3 goblins
  6 hobgoblins
  6 kobolds
  A quokka (D:1)
  2 bats
  4 giant newts
  3 rats (D:1)
32 creatures vanquished.

Vanquished Creatures (others)
  2 plants (D:2)
2 creatures vanquished.

Grand Total: 34 creatures vanquished

Notes
Turn   | Place    | Note
--------------------------------------------------------------
     0 | Abyss:1  | Jine the Demonspawn Abyssal Knight began the quest for the Orb.
     0 | Abyss:1  | Reached XP level 1. HP: 18/18 MP: 2/2
     7 | Abyss:1  | Found a corrupted altar of Lugonu.
    15 | D:1      | Escaped the Abyss
    88 | D:1      | Reached skill level 1 in Dodging
   136 | D:1      | Gained mutation: You sometimes gain a little power by taking damage. [demonic ancestry]
   136 | D:1      | Reached XP level 2. HP: 4/24 MP: 3/3
   548 | D:1      | Acquired Lugonu's second power
  1285 | D:2      | Gained mutation: Your flesh is heat resistant. [demonic ancestry]
  1285 | D:2      | Reached XP level 3. HP: 20/29 MP: 4/4
  1330 | D:2      | Found a shadowy altar of Dithmenos.
  1590 | D:2      | Slain by a jackal

Vault maps used:
D:1:      dpeg_arrival_shelter
D:2:      wad_woods_stonehenge, lemuel_coloured_pillars_altar

Action                   || total
-------------------------++-------
Melee: Falchion          ||   126
  Eat: Pizza             ||     1
       Meat ration       ||     1
